[Event "ICC tourney 1981 (45 10)"]
[Site "Internet Chess Club"]
[Date "2020.08.29"]
[Round "2"]
[White "ansish"]
[Black "NeuralNetworkQS"]
[Result "1-0"]
[ICCResult "Black checkmated"]
[WhiteElo "1060"]
[BlackElo "731"]
[Opening "Queen's pawn, Mason variation"]
[ECO "D00"]
[NIC "QP.08"]
[Time "13:31:35"]
[TimeControl "2700+10"]

1. d4 d5 2. Bf4 Nf6 3. e3 Bf5 4. c4 e6 5. Nc3 c5 6. Nf3 Nc6 7. Bg5 cxd4 8.
Nxd4 Nxd4 9. Qxd4 Be7 10. cxd5 exd5 11. Bxf6 Bxf6 12. Qd2 Bxc3 13. Qxc3 O-O
14. Bd3 Rc8 15. Qd4 Bxd3 16. Qxd3 Qb6 17. b3 Qf6 18. O-O Rfd8 19. Rac1 Qe6
20. Qd4 a6 21. Rfd1 Rxc1 22. Rxc1 Qd7 23. Rd1 Rc8 24. e4 Qg4 25. Qxd5 h6 26.
f3 Qf4 27. Qd2 Qxd2 28. Rxd2 Rc1+ 29. Kf2 Kh7 30. Kg3 Kg6 31. Rd7 Rc2 32. a4
Rb2 33. Rxb7 f6 34. Rb6 a5 35. Rb5 Kf7 36. Rxa5 Rxb3 37. Ra8 Ra3 38. a5 Kg6
39. a6 Kh5 40. Kh3 g5 41. g4+ Kg6 42. a7 Kg7 43. Kg3 Ra2 44. h4 Ra1 45. hxg5
hxg5 46. Kf2 Kf7 47. Rh8 Ra2+ 48. Kg3 Rxa7 49. Rh7+ Kg6 50. Rxa7 Kh6 51. Ra6
Kg7 52. f4 gxf4+ 53. Kxf4 Kg6 54. e5 Kg7 55. exf6+ Kf7 56. g5 Kf8 57. Kf5
Kf7 58. g6+ Kf8 59. Ra7 Ke8 60. g7 Kd8 61. g8=Q# {Black checkmated} 1-0

[Event "ICC tourney 1981 (45 10)"]
[Site "Internet Chess Club"]
[Date "2020.08.29"]
[Round "2"]
[White "mimzhang"]
[Black "Rhinoguy"]
[Result "0-1"]
[ICCResult "White checkmated"]
[WhiteElo "959"]
[BlackElo "1183"]
[Opening "Four knights: Ranken variation"]
[ECO "C48"]
[NIC "KP.03"]
[Time "13:31:33"]
[TimeControl "2700+10"]

1. e4 e5 2. Nf3 Nc6 3. Nc3 Nf6 4. Bb5 a6 5. Bxc6 dxc6 6. Nxe5 Bd6 7. Nf3 O-O
8. e5 Re8 9. O-O Bxe5 10. Re1 Bxc3 11. dxc3 Qxd1 12. Rxd1 Bf5 13. Nd4 Rad8
14. Bg5 Bg4 15. Rd3 Rd5 16. Bxf6 gxf6 17. Rg3 Rg5 18. h4 Rg6 19. f3 Be6 20.
Rxg6+ fxg6 21. Re1 Kf7 22. Nxe6 Rxe6 23. Rxe6 Kxe6 24. Kf2 Ke5 25. Ke2 Kf4
26. Kf2 h5 27. g3+ Ke5 28. g4 Kf4 29. gxh5 gxh5 30. a3 b5 31. b4 f5 32. Kg2
Ke3 33. Kg3 f4+ 34. Kg2 Kd2 35. Kf2 Kxc2 36. Ke2 Kxc3 37. Kf2 c5 38. bxc5 a5
39. Ke2 b4 40. axb4 axb4 41. Ke1 Kc2 42. Ke2 b3 43. Ke1 b2 44. Ke2 b1=Q 45.
Kf2 Qc1 46. Ke2 Qd2+ 47. Kf1 Kd3 48. c6 Ke3 49. Kg1 Kxf3 50. Kh1 Qg2#
{White checkmated}
0-1

[Event "ICC tourney 1981 (45 10)"]
[Site "Internet Chess Club"]
[Date "2020.08.29"]
[Round "2"]
[White "bpchoppara"]
[Black "sharanyavpandey"]
[Result "1-0"]
[ICCResult "Black checkmated"]
[WhiteElo "1163"]
[BlackElo "615"]
[Opening "QGD: exchange variation"]
[ECO "D35"]
[NIC "QO.16"]
[Time "13:31:36"]
[TimeControl "2700+10"]

1. d4 d5 2. c4 Nf6 3. Nc3 e6 4. cxd5 exd5 5. Bf4 Nc6 6. e3 a6 7. Bd3 g6 8.
Nf3 Bg7 9. O-O O-O 10. Qb3 Be6 11. Rac1 Rb8 12. Na4 Nh5 13. Bg3 Nxg3 14.
hxg3 Bc8 15. Nc5 b6 16. Nxa6 Bxa6 17. Bxa6 Na5 18. Qc3 Ra8 19. Bb5 Qc8 20.
Qxc7 Nb7 21. Qxc8 Rfxc8 22. Bc6 Rab8 23. Bxb7 Rxc1 24. Rxc1 Rxb7 25. a3 Kf8
26. Kf1 Ke7 27. Ke2 Kd7 28. Kd3 Ra7 29. g4 Ke6 30. Rc6+ Kd7 31. Rxb6 Rc7 32.
Kd2 f6 33. Rb3 f5 34. gxf5 gxf5 35. Nh4 Ke6 36. Rb6+ Kd7 37. Nxf5 Bf8 38.
Rb5 Ke6 39. Ng3 Rg7 40. Rb6+ Bd6 41. e4 Rg6 42. e5 Kd7 43. exd6 Rf6 44. Ke3
Rf8 45. Rb7+ Kxd6 46. Rxh7 Rb8 47. Rh6+ Ke7 48. Nf5+ Kf7 49. Nd6+ Ke7 50.
Nf5+ Kf7 51. b4 Ra8 52. Nd6+ Ke7 53. Nb5 Kf7 54. Rc6 Ke7 55. Rc5 Ke6 56.
Rc6+ Kd7 57. Rd6+ Ke7 58. Re6+ Kd7 59. Rd6+ Ke7 60. Rxd5 Ke6 61. Nc7+ Ke7
62. Nxa8 Ke6 63. Re5+ Kf6 64. Nb6 Kf7 65. Rc5 Ke7 66. Rc6 Ke8 67. Rc7 Kd8
68. Rh7 Ke8 69. Kf4 Kd8 70. Ke5 Ke8 71. Kf6 Kd8 72. Ke6 Ke8 73. Rh8#
{Black checkmated}
1-0

[Event "ICC tourney 1981 (45 10)"]
[Site "Internet Chess Club"]
[Date "2020.08.29"]
[Round "2"]
[White "McTaggartfan"]
[Black "vhegde"]
[Result "1-0"]
[ICCResult "Black resigns"]
[WhiteElo "1300"]
[BlackElo "1055"]
[Opening "Sicilian: Steinitz variation"]
[ECO "B20"]
[NIC "SI.48"]
[Time "13:31:35"]
[TimeControl "2700+10"]

1. e4 c5 2. g3 d6 3. Bg2 Nf6 4. c3 Nc6 5. d4 cxd4 6. cxd4 e6 7. Bg5 Be7 8.
Ne2 O-O 9. O-O h6 10. Be3 d5 11. e5 Nd7 12. Nd2 b6 13. f4 f5 14. Nc3 Ba6 15.
Rf2 Nb4 16. Qa4 Qc8 17. a3 Nd3 18. Nxd5 exd5 19. Bxd5+ Kh8 20. Bxa8 Nxf2 21.
Kxf2 Qxa8 22. Qxa6 Rc8 23. Qd3 Rf8 24. Rc1 Qb7 25. b4 b5 26. Nb3 a6 27. Nc5
Nxc5 28. dxc5 Qc6 29. Rd1 Kh7 30. Qd7 Qxd7 31. Rxd7 Re8 32. c6 Bf8 33. c7
Rc8 34. Bb6 Kg8 35. Rd8 {Black resigns} 1-0

[Event "ICC tourney 1981 (45 10)"]
[Site "Internet Chess Club"]
[Date "2020.08.29"]
[Round "2"]
[White "alphablitz"]
[Black "JPJetti"]
[Result "0-1"]
[ICCResult "White resigns"]
[WhiteElo "702"]
[BlackElo "249"]
[Opening "Giuoco Piano: four knights variation"]
[ECO "C55"]
[NIC "IG.01"]
[Time "13:31:31"]
[TimeControl "2700+10"]

1. e4 e5 2. Nf3 Nc6 3. Bc4 Nf6 4. Nc3 Bc5 5. O-O d6 6. h3 h5 7. d3 Ng4 8.
Bg5 f6 9. Bh4 a6 10. Bg3 Bd7 11. Nh4 g5 12. Nf5 Bxf5 13. exf5 Nh6 14. Qxh5+
Kf8 15. Nd5 Nf7 16. Qf3 Nd4 17. Qd1 Nxf5 18. Qf3 N7h6 19. Nc3 Nd4 20. Qxb7
Ndf5 21. Qd5 Nxg3 22. Kh2 Nxf1+ 23. Rxf1 Kg7 24. g4 Qe7 25. a3 Nxg4+ 26. Kg3
Nh6 27. b4 Bd4 28. Ne4 Nf5+ 29. Kg4 Nh6+ 30. Kf3 Raf8 31. Kg2 f5 32. Nd2 g4
33. hxg4 Nxg4 34. Kf3 Nh2+ {White resigns} 0-1

[Event "ICC tourney 1981 (45 10)"]
[Site "Internet Chess Club"]
[Date "2020.08.29"]
[Round "2"]
[White "rellitnitram"]
[Black "CajunWyoCowboy"]
[Result "0-1"]
[ICCResult "White resigns"]
[WhiteElo "194"]
[BlackElo "1265"]
[Opening "Sicilian: Canal-Sokolsky attack, 3...Bd7"]
[ECO "B52"]
[NIC "SI.01"]
[Time "13:31:32"]
[TimeControl "2700+10"]

1. e4 c5 2. Nf3 d6 3. Bb5+ Bd7 4. Bxd7+ Qxd7 5. O-O Nf6 6. Nc3 e6 7. d4 cxd4
8. Nxd4 Nc6 9. Nxc6 Qxc6 10. Re1 Be7 11. Bg5 h6 12. Bh4 O-O 13. Kh1 a6 14.
f4 Rfe8 15. e5 dxe5 16. fxe5 Nd5 17. Nxd5 Bxh4 18. Qg4 Qxd5 19. Qxh4 Rad8
20. h3 Qa5 21. a3 Rd5 22. Re3 Red8 23. Kh2 Rxe5 24. Qxd8+ Qxd8 25. Rxe5 Qd6
{White resigns}
0-1

[Event "ICC tourney 1981 (45 10)"]
[Site "Internet Chess Club"]
[Date "2020.08.29"]
[Round "2"]
[White "Maximusiv"]
[Black "aryasaravanan"]
[Result "0-1"]
[ICCResult "White resigns"]
[WhiteElo "1043"]
[BlackElo "1257"]
[Opening "Sicilian: wing gambit, Carlsbad variation"]
[ECO "B20"]
[NIC "SI.48"]
[Time "13:31:37"]
[TimeControl "2700+10"]

1. e4 c5 2. b4 cxb4 3. a3 bxa3 4. Bxa3 Nc6 5. Nf3 d6 6. Bc4 Bg4 7. Bxf7+ Kd7
8. h3 Bxf3 9. Qxf3 Nd4 10. Qg4+ e6 11. Ra2 Nf6 12. Qf4 Nc6 13. O-O Qe7 14.
e5 Nxe5 15. Qxe5 dxe5 16. Bxe7 Kxe7 17. Bxe6 Kxe6 18. Re1 Bc5 19. Rb2 Rhg8
20. Rb5 Rac8 21. Rxb7 Bb6 22. c3 Rb8 23. Rxb8 Rxb8 24. d4 Bc7 25. dxe5 Bxe5
26. f4 Rxb1 27. Rxb1 Bxf4 28. Re1+ Kd6 29. Ra1 Bd2 30. Rd1 Ne4 31. Kf1 Ke6
32. c4 Kd6 33. Ke2 Nc3+ 34. Kxd2 Nxd1 35. Kxd1 Kc5 36. Kc2 Kxc4 37. Kb2 Kd3
{White resigns}
0-1

[Event "ICC tourney 1981 (45 10)"]
[Site "Internet Chess Club"]
[Date "2020.08.29"]
[Round "2"]
[White "lerui"]
[Black "Anichess2009"]
[Result "0-1"]
[ICCResult "White checkmated"]
[WhiteElo "1004"]
[BlackElo "473"]
[Opening "King's pawn opening"]
[ECO "B07"]
[NIC "VO.17"]
[Time "13:31:34"]
[TimeControl "2700+10"]

1. e4 d6 2. Nf3 Nf6 3. Nc3 g6 4. g3 e5 5. Bg2 Be6 6. O-O Bg7 7. d4 Nbd7 8.
d5 Bg4 9. h3 Bxf3 10. Qxf3 O-O 11. Bg5 c6 12. dxc6 bxc6 13. Rfd1 Qc7 14.
Bxf6 Nxf6 15. Qd3 Rfd8 16. Re1 Rd7 17. Rab1 Rad8 18. Qe3 Qb6 19. Qxb6 axb6
20. Red1 d5 21. exd5 Nxd5 22. Nxd5 cxd5 23. Rd2 d4 24. Rbd1 f5 25. c3 d3 26.
Rb1 e4 27. Kf1 Kf7 28. h4 Bh6 29. Rdd1 d2 30. Ke2 Re8 31. b4 e3 32. a4 exf2+
33. Kxf2 Be3+ 34. Kf1 Ra7 35. Ra1 Rd8 36. Ke2 Bh6 37. Bf3 b5 38. a5 Re7+ 39.
Kf2 Be3+ 40. Kg2 Rd3 41. Bc6 Rxc3 42. Bxb5 Rc1 43. Be2 Bd4 44. Raxc1 Rxe2+
45. Kf1 dxc1=Q 46. Rxc1 Rb2 47. Rc7+ Kg8 48. Rc4 Be5 49. a6 Ra2 50. b5 Ra5
51. Kg2 Kg7 52. Rc5 Bb8 53. Kf2 Ba7 54. Ke2 Bxc5 55. Kd3 Rxb5 56. Kc4 Ra5
57. Kd3 Rxa6 58. Ke2 Ra3 59. Kf1 Rxg3 60. Ke2 Kf6 61. Kf1 Ke5 62. Ke2 Ke4
63. Kf1 Ke3 64. h5 gxh5 65. Ke1 Rg1# {White checkmated} 0-1

[Event "ICC tourney 1981 (45 10)"]
[Site "Internet Chess Club"]
[Date "2020.08.29"]
[Round "2"]
[White "Cougar2020"]
[Black "BotanicalKnight"]
[Result "1/2-1/2"]
[ICCResult "Game drawn by mutual agreement"]
[WhiteElo "1163"]
[BlackElo "1385"]
[Opening "Caro-Kann: exchange variation"]
[ECO "B13"]
[NIC "CK.02"]
[Time "13:31:51"]
[TimeControl "2700+10"]

1. e4 c6 2. d4 d5 3. exd5 Qxd5 4. Nf3 Bg4 5. Be2 e6 6. h3 Bh5 7. Bf4 Nf6 8.
Nbd2 Be7 9. c3 O-O 10. Qb3 Qxb3 11. Nxb3 Nbd7 12. O-O Nd5 13. Bd2 a6 14.
Rad1 c5 15. dxc5 Nxc5 16. Nxc5 Bxc5 17. g4 Bg6 18. Ne5 Rfd8 19. Nxg6 hxg6
20. Bf3 b5 21. Rfe1 Ra7 22. Bf4 {Game drawn by mutual agreement} 1/2-1/2

[Event "ICC tourney 1981 (45 10)"]
[Site "Internet Chess Club"]
[Date "2020.08.29"]
[Round "2"]
[White "JCJ2018"]
[Black "worldcupgirl"]
[Result "0-1"]
[ICCResult "White checkmated"]
[WhiteElo "991"]
[BlackElo "1374"]
[Opening "Sicilian: Kan, 5.Nc3"]
[ECO "B43"]
[NIC "SI.41"]
[Time "13:31:35"]
[TimeControl "2700+10"]

1. e4 c5 2. Nf3 e6 3. d4 cxd4 4. Nxd4 a6 5. Nc3 b5 6. a3 Bb7 7. b4 d6 8. g3
Nf6 9. Bg2 Be7 10. O-O O-O 11. Be3 Nbd7 12. Nb3 Rc8 13. Qd2 Ne5 14. Na5 Nc4
15. Qe1 Nxa5 16. bxa5 Qxa5 17. Bd2 Qd8 18. Bh1 Ng4 19. Qe2 Ne5 20. Be1 Bf6
21. f4 Nd7 22. e5 Bxh1 23. exf6 Ba8 24. fxg7 Kxg7 25. Qg4+ Kh8 26. h4 Qb6+
27. Bf2 Qc6 28. Qh3 Qxc3 29. Qg4 Qc6 30. Qh3 Rg8 31. Kh2 Qxc2 32. Rac1 Qe4
33. Rxc8 Rxc8 34. Re1 Qc2 35. Kg1 Qd2 36. Qf1 Rg8 37. Rd1 Qc2 38. Rc1 Qe4
39. Qh3 Nf6 40. Re1 Qxf4 41. Rf1 Qg4 42. Qxg4 Nxg4 43. Rd1 Nxf2 44. Kxf2 Rd8
45. Ke3 Kg7 46. Kf4 Kf6 47. g4 e5+ 48. Ke3 Ke6 49. Rf1 d5 50. g5 d4+ 51. Kd3
e4+ 52. Kd2 e3+ 53. Ke2 Ke5 54. Kd3 Be4+ 55. Ke2 Bg6 56. Rf6 Ke4 57. Rxa6
d3+ 58. Kf1 e2+ 59. Kf2 e1=Q+ 60. Kg2 Qe2+ 61. Kg3 Qf3+ 62. Kh2 d2 63. Ra4+
bxa4 64. h5 d1=Q 65. hxg6 Qdh1# {White checkmated} 0-1

[Event "ICC tourney 1981 (45 10)"]
[Site "Internet Chess Club"]
[Date "2020.08.29"]
[Round "2"]
[White "bsarvagnya"]
[Black "pullabhotla"]
[Result "1-0"]
[ICCResult "Black resigns"]
[WhiteElo "1120"]
[BlackElo "1193"]
[Opening "Philidor's defense"]
[ECO "C41"]
[NIC "KP.10"]
[Time "13:31:39"]
[TimeControl "2700+10"]

1. e4 e5 2. Nf3 d6 3. Nc3 a6 4. d4 exd4 5. Nxd4 Nf6 6. Bg5 Be7 7. Bc4 O-O 8.
Qd2 c5 9. Nf3 b5 10. Bxf6 Bxf6 11. Bd5 Bxc3 12. Qxc3 Ra7 13. O-O b4 14. Qc4
h6 15. e5 dxe5 16. Nxe5 Qf6 17. Qxc5 Re7 18. Ng6 Qxg6 19. Qxe7 Bh3 20. Qe4
Bf5 21. Qxb4 Bxc2 22. Rac1 Bd3 23. Rfe1 Qg5 24. Qxf8+ Kh7 25. Qxb8 Qxd5 26.
Rcd1 Qa5 27. b4 Qd5 28. Re3 Qd4 29. Rexd3 Qg4 30. Qe5 {Black resigns} 1-0

[Event "ICC tourney 1981 (45 10)"]
[Site "Internet Chess Club"]
[Date "2020.08.29"]
[Round "2"]
[White "boxingguy2469x"]
[Black "sakethdesu"]
[Result "0-1"]
[ICCResult "White resigns"]
[WhiteElo "1177"]
[BlackElo "885"]
[Opening "Giuoco Piano: Greco's attack"]
[ECO "C54"]
[NIC "IG.02"]
[Time "13:32:04"]
[TimeControl "2700+10"]

1. e4 e5 2. Nf3 Nc6 3. Bc4 Bc5 4. c3 Nf6 5. d4 exd4 6. cxd4 Bb4+ 7. Nc3
Bxc3+ 8. bxc3 Nxe4 9. Qb3 O-O 10. O-O Na5 11. Qb5 Nxc4 12. Qxc4 d5 13. Qd3
g6 14. Bh6 Re8 15. Rfe1 Bf5 16. Qe3 Nf6 17. Qg5 Ng4 18. Rxe8+ Qxe8 19. Re1
Qa4 20. Qh4 Re8 21. Rxe8+ Qxe8 22. h3 Nxh6 23. Qxh6 Qa4 24. Ng5 Qd1+ 25. Kh2
Qh5 26. Qxh5 gxh5 27. Kg3 Kg7 28. Nf3 f6 29. Kf4 Be4 30. Ne1 Kf7 31. f3 Bb1
32. a4 c6 33. g4 hxg4 34. fxg4 h6 35. h4 Ke6 36. Ng2 b6 37. Ne3 a5 38. Nf5
Bxf5 39. gxf5+ Kf7 40. Ke3 Ke7 41. Kf4 b5 42. Kg4 Kf7 43. Kf3 bxa4 44. Ke2
a3 45. Kd1 a2 {White resigns} 0-1

[Event "ICC tourney 1981 (45 10)"]
[Site "Internet Chess Club"]
[Date "2020.08.29"]
[Round "2"]
[White "Electryon"]
[Black "paradoxical"]
[Result "0-1"]
[ICCResult "White forfeits on time"]
[WhiteElo "1373"]
[BlackElo "1172"]
[Opening "English: Caro-Kann defensive system, Bogolyubov variation"]
[ECO "A12"]
[NIC "QP.09"]
[Time "13:31:29"]
[TimeControl "2700+10"]

1. Nf3 d5 2. c4 c6 3. b3 Bg4 4. e3 Bxf3 5. Qxf3 Nf6 6. Bb2 Nbd7 7. cxd5 cxd5
8. Nc3 e6 9. Bb5 a6 10. Be2 Bd6 11. Rc1 Ne5 12. Qh3 Rc8 13. d4 Ng6 14. O-O
O-O 15. Rc2 Qe7 16. Rfc1 b5 17. Nb1 Rxc2 18. Rxc2 e5 19. Rc8 e4 20. a3 Qb7
21. Rxf8+ Kxf8 22. b4 Qc7 23. Nc3 Ne7 24. g3 h6 25. Qf1 Qd7 26. Qd1 Nc6 27.
Nb1 Qb7 28. Nd2 a5 29. bxa5 Nxa5 30. f3 Nc4 31. Nxc4 bxc4 32. Qc1 exf3 33.
Bxf3 Ne4 34. Bxe4 dxe4 35. Qc2 f5 36. a4 Bc7 37. Ba3+ Ke8 38. Kg2 Qc6 39.
Bc5 Qa6 40. Qb2 Qxa4 41. d5 Qa5 42. Qb4 Qxb4 43. Bxb4 Kd7 44. Kf2 g5 45. Ke2
f4 46. gxf4 gxf4 47. exf4 Bxf4 48. h3 h5 49. Kd1 Bd6 50. Bc3 Bc5 51. Be5 Bd6
52. Bc3 Bg3 53. Bb4 Kd8 54. Kc2 Be5 55. Kd2 Bd4 56. Ke2 Kd7 57. Ba3 c3
{White forfeits on time}
0-1

[Event "ICC tourney 1981 (45 10)"]
[Site "Internet Chess Club"]
[Date "2020.08.29"]
[Round "3"]
[White "vhegde"]
[Black "aslan777"]
[Result "1-0"]
[ICCResult "Black checkmated"]
[WhiteElo "1016"]
[BlackElo "488"]
[Opening "QGD: Marshall defense"]
[ECO "A50"]
[NIC "QP.07"]
[Time "16:02:21"]
[TimeControl "2700+10"]

1. d4 Nf6 2. c4 d5 3. c5 g6 4. Nf3 Bg7 5. Bf4 c6 6. Nc3 O-O 7. Qd2 Ne4 8.
Nxe4 dxe4 9. Ne5 Nd7 10. O-O-O Nxe5 11. Bxe5 Bxe5 12. dxe5 Qc7 13. Qc3 Bf5
14. e3 b6 15. h3 bxc5 16. Qxc5 Be6 17. Kb1 Rfb8 18. Be2 Rb6 19. f4 Rab8 20.
Rd2 Bd5 21. Bc4 Qb7 22. b3 Bxc4 23. Qxc4 Rb4 24. Qc3 a5 25. Rhd1 a4 26. Rd8+
Rxd8 27. Rxd8+ Kg7 28. e6+ Kh6 29. exf7 axb3 30. f8=Q+ Kh5 31. Qe5+ Kh4 32.
Qg5# {Black checkmated} 1-0

[Event "ICC tourney 1981 (45 10)"]
[Site "Internet Chess Club"]
[Date "2020.08.29"]
[Round "3"]
[White "HeSteven"]
[Black "sakethdesu"]
[Result "0-1"]
[ICCResult "White checkmated"]
[WhiteElo "859"]
[BlackElo "894"]
[Opening "Giuoco Piano"]
[ECO "C54"]
[NIC "IG.02"]
[Time "16:02:32"]
[TimeControl "2700+10"]

1. e4 e5 2. Nf3 Nc6 3. Bc4 Bc5 4. c3 Nf6 5. d4 exd4 6. cxd4 Bb4+ 7. Bd2
Bxd2+ 8. Nbxd2 d5 9. exd5 Nxd5 10. Qb3 Be6 11. Qxb7 Na5 12. Qb5+ c6 13. Qb4
Nxb4 14. Bxe6 Nc2+ 15. Kd1 Nxa1 16. Bf5 g6 17. Be4 O-O 18. Ke2 f5 19. Bd3
Re8+ 20. Kd1 c5 21. dxc5 Qxd3 22. Ng5 Qc2# {White checkmated} 0-1

[Event "ICC tourney 1981 (45 10)"]
[Site "Internet Chess Club"]
[Date "2020.08.29"]
[Round "3"]
[White "harijangam"]
[Black "srikardesu"]
[Result "1-0"]
[ICCResult "Black checkmated"]
[WhiteElo "141"]
[BlackElo "186"]
[Opening "Queen's pawn game"]
[ECO "D00"]
[NIC "QP.08"]
[Time "16:02:23"]
[TimeControl "2700+10"]

1. d4 d5 2. e3 Nc6 3. Nf3 e5 4. Bd3 exd4 5. exd4 Nxd4 6. Nxd4 Qe7+ 7. Be3 c5
8. Nf5 Qf6 9. Nc3 c4 10. Nxd5 Qe5 11. Bxc4 Bd6 12. Nxd6+ Qxd6 13. Nf6+ Qxf6
14. Bb5+ Bd7 15. Qxd7+ Kf8 16. Bc5+ Ne7 17. O-O Rc8 18. Rfe1 Qxb2 19. Qxe7+
Kg8 20. Qe8+ Rxe8 21. Rxe8# {Black checkmated} 1-0

[Event "ICC tourney 1981 (45 10)"]
[Site "Internet Chess Club"]
[Date "2020.08.29"]
[Round "3"]
[White "pullabhotla"]
[Black "mimzhang"]
[Result "0-1"]
[ICCResult "White checkmated"]
[WhiteElo "1076"]
[BlackElo "965"]
[Opening "Giuoco Pianissimo"]
[ECO "C50"]
[NIC "IG.02"]
[Time "16:02:35"]
[TimeControl "2700+10"]

1. e4 e5 2. Nf3 Nc6 3. Bc4 Bc5 4. d3 Nf6 5. O-O d6 6. Bg5 h6 7. Bd2 Bg4 8.
Nc3 Nd4 9. Nd5 Nxf3+ 10. gxf3 Bh3 11. Re1 Nxd5 12. Bxd5 Qf6 13. Be3 Qg6+ 14.
Kh1 Qg2# {White checkmated} 0-1

[Event "ICC tourney 1981 (45 10)"]
[Site "Internet Chess Club"]
[Date "2020.08.29"]
[Round "3"]
[White "worldcupgirl"]
[Black "bpchoppara"]
[Result "1-0"]
[ICCResult "Black checkmated"]
[WhiteElo "1380"]
[BlackElo "1147"]
[Opening "Scotch game"]
[ECO "C45"]
[NIC "SO.05"]
[Time "16:02:15"]
[TimeControl "2700+10"]

1. e4 e5 2. Nf3 Nc6 3. d4 exd4 4. Nxd4 Bc5 5. Nxc6 bxc6 6. Bd3 d5 7. O-O Ne7
8. exd5 cxd5 9. Bb5+ c6 10. Bd3 O-O 11. Nc3 Ng6 12. Na4 Bd6 13. Be3 Bd7 14.
Bc5 Bxc5 15. Nxc5 Be6 16. Nxe6 fxe6 17. Qg4 Rf6 18. Rfe1 Qd7 19. Re3 Nf4 20.
Rae1 Raf8 21. Qh4 Rh6 22. Qg4 Nxd3 23. Rxd3 Rg6 24. Qd4 a6 25. Ree3 Qc7 26.
Rf3 Rxf3 27. Rxf3 e5 28. Qc5 e4 29. Qf8# {Black checkmated} 1-0

[Event "ICC tourney 1981 (45 10)"]
[Site "Internet Chess Club"]
[Date "2020.08.29"]
[Round "3"]
[White "paradoxical"]
[Black "Gnanathan"]
[Result "1-0"]
[ICCResult "Black checkmated"]
[WhiteElo "1288"]
[BlackElo "1378"]
[Opening "Sicilian defense"]
[ECO "B20"]
[NIC "SI.48"]
[Time "16:02:13"]
[TimeControl "2700+10"]

1. e4 c5 2. Bc4 Nc6 3. Nf3 e6 4. a3 Nf6 5. d3 Be7 6. O-O O-O 7. c3 d5 8.
exd5 exd5 9. Ba2 Bg4 10. Nbd2 Qc7 11. h3 Bh5 12. Re1 Bd6 13. b4 b6 14. bxc5
Bxc5 15. d4 Bd6 16. Bb2 Rfe8 17. Rxe8+ Rxe8 18. Qf1 Ne4 19. Re1 Re7 20. Qd3
Nxd2 21. Qxd2 Bxf3 22. Rxe7 Qxe7 23. gxf3 Qh4 24. Qe3 Be7 25. f4 h6 26. Bxd5
Na5 27. c4 Qf6 28. f3 Qg6+ 29. Kf2 Qc2+ 30. Qe2 Qf5 31. Qxe7 Qxf4 32. Qe8+
Kh7 33. Be4+ g6 34. Kf1 Nxc4 35. Bc3 Qc1+ 36. Be1 Ne3+ 37. Kf2 Nd1+ 38. Ke2
Nb2 39. Qxf7+ Kh8 40. Qf6+ Kg8 41. Bd5+ Kh7 42. Qf7+ Kh8 43. Qg8#
{Black checkmated}
1-0

[Event "ICC tourney 1981 (45 10)"]
[Site "Internet Chess Club"]
[Date "2020.08.29"]
[Round "3"]
[White "sharanyavpandey"]
[Black "oxdidi"]
[Result "0-1"]
[ICCResult "White checkmated"]
[WhiteElo "670"]
[BlackElo "1318"]
[Opening "Giuoco Pianissimo"]
[ECO "C50"]
[NIC "IG.02"]
[Time "16:02:18"]
[TimeControl "2700+10"]

1. e4 e5 2. Nf3 Nc6 3. Bc4 Bc5 4. d3 Nf6 5. O-O h6 6. Nc3 O-O 7. Bb5 d6 8.
Bxc6 bxc6 9. Re1 Bg4 10. h3 Bh5 11. Na4 Bb6 12. Nxb6 cxb6 13. Re3 Re8 14.
Qe1 Bxf3 15. Rxf3 Nh5 16. Qc3 Qd7 17. b3 c5 18. a4 Re6 19. Qc4 Rf8 20. Ba3
Nf4 21. Kf1 Rg6 22. g4 h5 23. Bc1 hxg4 24. hxg4 Qxg4 25. Rg3 Qd1#
{White checkmated}
0-1

[Event "ICC tourney 1981 (45 10)"]
[Site "Internet Chess Club"]
[Date "2020.08.29"]
[Round "3"]
[White "suhavit"]
[Black "JCJ2018"]
[Result "0-1"]
[ICCResult "White checkmated"]
[WhiteElo "1103"]
[BlackElo "1013"]
[Opening "Four knights: Italian variation"]
[ECO "C55"]
[NIC "IG.01"]
[Time "16:02:15"]
[TimeControl "2700+10"]

1. e4 e5 2. Nf3 Nc6 3. Bc4 Nf6 4. Nc3 Bb4 5. d3 h6 6. Bd2 d6 7. h3 Be6 8.
Bb3 O-O 9. O-O Ne7 10. Ne2 Bxd2 11. Qxd2 c6 12. Nc3 a5 13. Rfe1 b5 14. a3
Bxb3 15. cxb3 b4 16. axb4 axb4 17. Ne2 Rxa1 18. Rxa1 c5 19. Ng3 Nc6 20. Nf5
Ne7 21. Ra6 Nxf5 22. exf5 Ne8 23. Ra1 Qf6 24. Qe3 Qxf5 25. Nh4 Qe6 26. Ra6
Qxb3 27. Nf5 Qxb2 28. Nxd6 Qd4 29. Qxd4 exd4 30. Nxe8 Rxe8 31. Rc6 Rb8 32.
Rxc5 b3 33. Rc1 b2 34. Rb1 Kf8 35. Kf1 Ke7 36. Ke2 Kd6 37. Kd2 Ke5 38. g3 h5
39. Kc2 f5 40. Rxb2 Rxb2+ 41. Kxb2 g5 42. Kc2 f4 43. g4 hxg4 44. hxg4 f3 45.
Kb3 Kf4 46. Kc4 Kxg4 47. Kxd4 Kf4 48. Kc4 g4 49. d4 g3 50. fxg3+ Kxg3 51. d5
f2 52. d6 f1=Q+ 53. Kd5 Qd3+ 54. Ke6 Qe4+ 55. Kd7 Kf4 56. Kc7 Qc4+ 57. Kd8
Ke5 58. d7 Kd6 59. Ke8 Qe6+ 60. Kf8 Qxd7 61. Kg8 Qe7 62. Kh8 Ke6 63. Kg8 Kf6
64. Kh8 Qg7# {White checkmated} 0-1

[Event "ICC tourney 1981 (45 10)"]
[Site "Internet Chess Club"]
[Date "2020.08.29"]
[Round "3"]
[White "Rhinoguy"]
[Black "Maximusiv"]
[Result "1-0"]
[ICCResult "Black checkmated"]
[WhiteElo "1193"]
[BlackElo "1033"]
[Opening "Scandinavian defense"]
[ECO "B01"]
[NIC "SD.03"]
[Time "16:02:14"]
[TimeControl "2700+10"]

1. e4 d5 2. exd5 Nf6 3. Nc3 Bg4 4. Be2 Bf5 5. Nf3 Nxd5 6. Nxd5 Qxd5 7. c4
Qd6 8. d4 Nc6 9. O-O O-O-O 10. d5 Ne5 11. b3 e6 12. Bb2 Ng4 13. h3 Nf6 14.
Be5 Qd7 15. Nd4 exd5 16. Nxf5 Qxf5 17. Bxf6 Qxf6 18. cxd5 Bd6 19. Bf3 Qe5
20. g3 Bc5 21. Rc1 Qxg3+ 22. Bg2 Bb6 23. Kh1 Bxf2 24. Qc2 Bb6 25. Rxf7 Rd6
26. Rxc7+ Bxc7 27. Qxc7# {Black checkmated} 1-0

[Event "ICC tourney 1981 (45 10)"]
[Site "Internet Chess Club"]
[Date "2020.08.29"]
[Round "3"]
[White "NeuralNetworkQS"]
[Black "rellitnitram"]
[Result "1-0"]
[ICCResult "Black resigns"]
[WhiteElo "721"]
[BlackElo "211"]
[Opening "Caro-Kann: advance variation"]
[ECO "B12"]
[NIC "CK.04"]
[Time "16:02:18"]
[TimeControl "2700+10"]

1. e4 c6 2. d4 d5 3. e5 Bf5 4. Nc3 Qb6 5. f4 e6 6. a3 c5 7. Nf3 Bg4 8. Bb5+
Nc6 9. Bxc6+ bxc6 10. Be3 Bxf3 11. gxf3 Qxb2 12. Na4 Qb5 13. Nxc5 Bxc5 14.
dxc5 Rb8 15. Qd3 Qb2 16. Bd4 Qb7 17. Rg1 g6 18. h4 Ne7 19. Ke2 Nf5 20. Rgb1
Nxd4+ 21. Qxd4 Qa6+ 22. Kf2 Rxb1 23. Rxb1 O-O 24. Rg1 h5 25. Qd3 Qxd3 26.
cxd3 Rb8 27. Ke3 Rb3 28. Ra1 Kg7 29. a4 a5 30. Kd2 Rb4 31. Ke3 f6 32. exf6+
Kxf6 33. Ra3 e5 34. fxe5+ Kxe5 35. Ra2 Rxh4 36. Rg2 d4+ 37. Kf2 Kf4 38. Rxg6
Rh2+ 39. Kg1 Rd2 40. Rxc6 Ke3 41. Rh6 Kxd3 42. Rxh5 Kc2 43. c6 Kb3 44. Rc5
Rd1+ 45. Kg2 Kb4 46. c7 Rd2+ 47. Kg3 {Black resigns} 1-0

[Event "ICC tourney 1981 (45 10)"]
[Site "Internet Chess Club"]
[Date "2020.08.29"]
[Round "3"]
[White "aryasaravanan"]
[Black "McTaggartfan"]
[Result "1-0"]
[ICCResult "Black checkmated"]
[WhiteElo "1340"]
[BlackElo "1297"]
[Opening "French: advance, Paulsen attack"]
[ECO "C02"]
[NIC "FR.03"]
[Time "16:02:21"]
[TimeControl "2700+10"]

1. e4 e6 2. d4 d5 3. e5 c5 4. c3 Nc6 5. Nf3 Qb6 6. Na3 cxd4 7. cxd4 Bb4+ 8.
Bd2 Bxa3 9. bxa3 Bd7 10. Rb1 Qd8 11. Rxb7 Rb8 12. Rxb8 Qxb8 13. Qb3 Qc7 14.
Be2 Nge7 15. O-O O-O 16. Rc1 Rb8 17. Qd3 Qb6 18. Ng5 g6 19. Qh3 h5 20. Bxh5
Be8 21. Bxg6 Nxg6 22. Qh6 Qxd4 23. Nh7 Rb2 24. Nf6# {Black checkmated} 1-0